 Dungeon Crawl Stone Soup version 0.27.1-34-g3ba077fa99 (webtiles) character file.

Game seed: 9376749361240251259

23906 pkoi the Black Belt (level 12, -2/97 HPs)
             Began as a Green Draconian Monk on Jan 12, 2022.
             Was a High Priest of Hepliaklqana.
             Slain by an elephant (15 damage)
             ... on level 3 of the Lair of Beasts.
             The game lasted 00:28:14 (20370 turns).

pkoi the Black Belt (Green Draconian Monk)         Turns: 20370, Time: 00:28:15

Health: -2/97      AC: 10    Str: 14    XL:     12   Next: 76%
Magic:  27/27      EV: 15    Int: 18    God:    Hepliaklqana [*****.]
Gold:   1034       SH:  0    Dex: 15    Spells: 11/11 levels left

rFire    + . .     SeeInvis .     - Unarmed
rCold    . . .     Faith    .   (no shield)
rNeg     . . .     Spirit   .   (armour unavailable)
rPois    +         Reflect  .   (helmet restricted)
rElec    +         Harm     .   J - scarf {repulsion}
rCorr    .         Rampage  .   b - +1 pair of gloves
Will     +....                  (no boots)
Stlth    ++........             e - amulet of magic regeneration
HPRegen  0.26/turn              g - ring of willpower
MPRegen  0.45/turn              p - ring of Plog {rElec rF+ MP+9 Int+4}

@: about to teleport, studying Short Blades, repel missiles
A: reduced essence, breathe noxious fumes, AC +8, unfitting armour, poison
resistance, cold-blooded, robust 1, MP-powered wands
a: Breathe Noxious Fumes, Renounce Religion, Recall Ancestor, Ancestor Identity,
Transference, Idealise


You were on level 3 of the Lair of Beasts.
You worshipped Hepliaklqana.
Hepliaklqana was extremely pleased with you.
You visited 3 branches of the dungeon, and saw 16 of its levels.

You collected 1034 gold pieces.

Inventory:

Hand Weapons
 d - a +0 dagger
 j - a +3 demon whip of electrocution
Missiles
 c - 20 boomerangs
 n - 88 poisoned darts
 q - 6 boomerangs of dispersal
 s - 2 throwing nets
 H - 3 curare-tipped darts
Armour
 b - a +1 pair of gloves (worn)
 J - a scarf of repulsion (worn)
Jewellery
 e - an amulet of magic regeneration (around neck)
 g - a ring of willpower (left hand)
 p - the ring of Plog (right hand) {rElec rF+ MP+9 Int+4}
   (You found it on level 6 of the Dungeon)

   [ring of magical power]

   Int:       It affects your intelligence (+4).
   rF:        It protects you from fire.
   rElec:     It insulates you from electricity.
   MP:        It affects your magic capacity (+9).
 D - a ring of see invisible
 F - a ring of positive energy
Wands
 k - a wand of charming (5)
 o - a wand of paralysis (11)
 w - a wand of iceblast (7)
 y - a wand of acid (8)
 z - a wand of digging (9)
 E - a wand of flame (19) (quivered)
Scrolls
 a - 4 scrolls of identify
 f - 2 scrolls of enchant weapon
 r - 7 scrolls of teleportation
 x - a scroll of silence
 B - 2 scrolls of amnesia
 C - 3 scrolls of fear
 G - a scroll of magic mapping
Potions
 h - a potion of brilliance
 i - 3 potions of attraction
 l - 7 potions of lignification
 m - 3 potions of heal wounds
 t - 7 potions of curing
 u - a potion of resistance
 v - a potion of flight
 A - 3 potions of ambrosia
 I - 2 potions of haste


   Skills:
 * Level 6.5 Fighting
 * Level 6.3 Dodging
 - Level 1.7 Stealth
 + Level 17.2 Unarmed Combat
 - Level 9.0 Invocations
 - Level 3.0 Evocations


You had 11 spell levels left.
You didn't know any spells.
Your spell library contained the following spells:

 Spells                   Type           Power      Damage    Failure   Level
 Beastly Appendage        Tmut           0%         N/A       22%         1
 Sandblast                Erth           0%         2d4       22%         1
 Shock                    Conj/Air       0%         1d3       22%         1
 Summon Small Mammal      Summ           0%         N/A       22%         1
 Corpse Rot               Necr/Air       N/A        N/A       32%         2
 Passwall                 Tmut/Erth      0%         N/A       32%         2
 Wereblood                Tmut           0%         N/A       32%         2
 Call Canine Familiar     Summ           0%         N/A       54%         3
 Dazzling Flash           Conj/Hex       0%         N/A       54%         3
 Gell's Gravitas          Tloc           0%         N/A       54%         3
 Inner Flame              Hex/Fire       0%         N/A       54%         3
 Lesser Beckoning         Tloc           0%         N/A       54%         3
 Spider Form              Tmut/Pois      0%         N/A       54%         3
 Summon Guardian Golem    Hex/Summ       0%         N/A       54%         3
 Swiftness                Air            0%         N/A       54%         3
 Teleport Other           Tloc           0%         N/A       54%         3
 Airstrike                Air            0%         N/A       91%         4
 Cause Fear               Hex            0%         N/A       91%         4
 Dispel Undead            Necr           0%         3d6       91%         4
 Iskenderun's Mystic Bla  Conj/Tloc      0%         2d3       91%         4
 Fireball                 Conj/Fire      0%         3d3       99%         5
 Iskenderun's Battlesphe  Conj           0%         2d6       99%         5
 Lee's Rapid Deconstruct  Erth           0%         3d5*      99%         5
 Conjure Ball Lightning   Conj/Air       0%         3x3d6     100%        6
 Death Channel            Necr           0%         N/A       100%        6
 Dispersal                Tloc           0%         N/A       100%        6
 Starburst                Conj/Fire      0%         6d3       100%        6
 Orb of Destruction       Conj           0%         N/A       100%        7
 Discord                  Hex            0%         N/A       100%        8


Dungeon Overview and Level Annotations

Branches:
Dungeon (12/15)            Temple (1/1) D:4            Lair (3/6) D:10
    Orc (0/2) D:11
  Swamp: Lair:2-4    Shoals: Lair:2-4     Snake: Lair:2-4    Spider: Lair:2-4

Altars:
Ashenzari
Cheibriados
Dithmenos
Elyvilon
Fedhas
Gozag
Hepliaklqana
Kikubaaqudgha
Makhleb
Nemelex Xobeh
Okawaru
Qazlal
Ru
Sif Muna
Trog
Uskayaw
Vehumet
Wu Jian
Xom
Yredelemnul
Zin
The Shining One
Jiyva

Shops:
D:3 !   D:4 *

Annotations:
D:5 2 transporters
D:10 1 runed translucent door, hawla's ghost, journeyman DrCj
D:11 2 transporters


Innate Abilities, Weirdness & Mutations

Your life essence is reduced to manifest your ancestor. (-10% HP)
You can breathe blasts of noxious fumes.
Your lurid green scales are hard. (AC +8)
You cannot fit into any form of body armour.
Your system is resistant to poisons. (rPois)
You are cold-blooded and may be slowed by cold attacks.
You are robust. (+10% HP)
You expend magic power (3 MP) to strengthen your wands.


Message History

Vala hits the cane toad with a +0 flail!
The elephant tramples you but does no damage.
The elephant closely misses you.
The komodo dragon bites Vala!!
Vala barely misses the komodo dragon.
The elephant tramples you but does no damage.
The elephant trunk-slaps you but does no damage.
The komodo dragon bites something.
Vala blocks something's attack.
The cane toad closely misses you.
Vala closely misses the bullfrog.
The komodo dragon closely misses Vala.
The elephant tramples you!
You stumble backwards!
The elephant tramples you.
You stumble backwards!
Vala barely misses the bullfrog.
You can't go up here!
The elephant tramples you!
* * * LOW HITPOINT WARNING * * *
You hold your ground!
The elephant trunk-slaps you but does no damage.
You punch the elephant!
You tail-slap the elephant, but do no damage.
You punch the elephant, but do no damage.
The elephant is lightly wounded.
The elephant closely misses you. x2
The elephant tramples you but does no damage.
The elephant trunk-slaps you.
* * * LOW HITPOINT WARNING * * *
The cane toad misses you. The elephant barely misses you.
The elephant misses you.
As you read the scroll of teleportation, it crumbles to dust.
You feel strangely unstable. The elephant tramples you.
* * * LOW HITPOINT WARNING * * *
You hold your ground!
The elephant trunk-slaps you but does no damage.
The elephant tramples you!
* * * LOW HITPOINT WARNING * * *
You stumble backwards!
The elephant tramples you!
* * * LOW HITPOINT WARNING * * *
You hold your ground!
The elephant closely misses you. The elephant tramples you!
You die...

#..#......#.....
#...†.#........
.##.Y.........# .
....###.....###...
(......l#.#.# ...
......l#..R## ....
......#YFY..#.....
.#..##8YYF8......
### #.@Y........
##.8.#......
#..........
##.........
..........
.#....#....
≈.≈†≈..##.. #
≈≈≈≈≈..


You could see the friendly Vala the knight, 5 elephants, 2 komodo dragons, a
cane toad (ally target) and a bullfrog.

Vanquished Creatures
  A hydra (D:9)
  A two-headed ogre (D:9)
  Sonja (Lair:2)
  Pikel (D:6)
  An unseen horror (D:10)
  5 cane toads
  2 trolls (D:11)
  3 slime creatures (D:11)
  Sigmund (D:4)
  19 yaks
  Grum (D:11)
  A wyvern (Lair:1)
  A steam dragon (D:8)
  2 basilisks (D:10)
  An acid dragon (D:9)
  4 water moccasins
  5 orc warriors
  2 ogres
  A wolf (D:11)
  8 centaurs
  4 kobold brigands
  A gnoll sergeant (D:9)
  8 bullfrogs
  13 killer bees
  An electric eel (Lair:3)
  An orc priest (D:7)
  A centaur zombie (D:7)
  A centaur skeleton (D:7)
  7 iguanas
  Terence (D:2)
  6 orc wizards
  A centaur simulacrum (D:9)
  A hound skeleton (D:4)
  A mummy (D:4)
  2 howler monkey zombies
  3 gnolls (D:9)
  A howler monkey skeleton (D:4)
  9 adders
  3 white imps
  An ufetubus (D:7)
  A worm (D:2)
  3 dart slugs
  15 orcs
  8 ball pythons
  5 endoplasms
  3 giant cockroaches
  15 goblins
  15 hobgoblins
  4 jackals (D:3)
  5 bats
  4 frilled lizards
  2 goblin zombies (D:4)
  14 kobolds
  A quokka skeleton (D:4)
  9 rats
231 creatures vanquished.

Vanquished Creatures (collateral kills)
  3 two-headed ogres
  A manticore (D:11)
  A cyclops (D:11)
  A black mamba (Lair:1)
  Maurice (D:9)
  Maggie (D:8)
  A rime drake (Lair:2)
  3 cane toads (Lair:1)
  3 komodo dragons
  Grinder (D:5)
  Prince Ribbit (D:6)
  A troll (D:9)
  A slime creature (D:11)
  A meliai zombie (D:5)
  13 yaks
  2 basilisks
  2 steam dragons
  Menkaure (D:6)
  Edmund (D:5)
  3 water moccasins
  3 acid dragons
  Duvessa (D:5)
  2 orc warriors
  A sky beast (D:8)
  A black bear (D:4)
  A necrophage (D:5)
  2 ogres
  A wolf (D:11)
  A phantom (D:4)
  A kobold brigand (D:8)
  A gnoll sergeant (D:9)
  3 bullfrogs
  Dowan (D:5)
  3 killer bees
  7 wights (D:7)
  4 howler monkeys
  A centaur zombie (D:6)
  2 orc priests
  A hound (D:4)
  3 iron imps (D:7)
  An iguana (D:8)
  2 orc wizards
  2 gnolls (D:9)
  3 adders
  A white imp (D:7)
  4 orcs
  3 kobolds
  A frilled lizard (D:8)
99 creatures vanquished.

Vanquished Creatures (others)
  2 wolves (D:11)
  4 knights
  An orc wizard (D:11)
  3 orcs (D:11)
  11 fungi
  12 plants
  4 toadstools (D:1)
37 creatures vanquished.

Grand Total: 367 creatures vanquished

Notes
Turn   | Place    | Note
-------+----------+-------------------------------------------
     0 | D:1      | pkoi the Draconian Monk began the quest for the Orb.
     0 | D:1      | Reached XP level 1. HP: 19/19 MP: 1/1
   347 | D:1      | Reached XP level 2. HP: 24/26 MP: 2/2
   612 | D:1      | Reached skill level 4 in Unarmed Combat
  1227 | D:2      | Reached XP level 3. HP: 26/31 MP: 3/3
  1304 | D:2      | Gained mutation: You are robust. (+10% HP) [potion of
                  | mutation]
  1304 | D:2      | Gained mutation: You expend magic power (3 MP) to
                  | strengthen your wands. [potion of mutation]
  1529 | D:2      | Reached XP level 4. HP: 28/41 MP: 4/4
  1625 | D:2      | Reached skill level 5 in Unarmed Combat
  1854 | D:2      | Noticed Terence
  1871 | D:2      | Killed Terence
  2356 | D:3      | Noticed a bullfrog
  2371 | D:3      | Killed a bullfrog
  2372 | D:3      | Reached skill level 6 in Unarmed Combat
  2372 | D:3      | Reached XP level 5. HP: 48/49 MP: 5/5
  2418 | D:3      | Found Zuajuter's Distillery.
  2621 | D:3      | Found a broken altar of Ashenzari.
  3345 | D:4      | Found a snail-covered altar of Cheibriados.
  3377 | D:4      | Found an opulent altar of Gozag.
  3377 | D:4      | Found Gozag's Platinum Reserve.
  3556 | D:4      | Noticed a black bear
  3702 | D:4      | Noticed Sigmund
  3906 | D:4      | Noticed a centaur
  3908 | D:4      | Noticed a centaur
  3925 | D:4      | Killed a centaur
  3926 | D:4      | Reached XP level 6. HP: 9/57 MP: 6/6
  3934 | D:4      | Reached skill level 7 in Unarmed Combat
  4274 | D:4      | Found a shimmering altar of Xom.
  4275 | D:4      | Found a hazy altar of Hepliaklqana.
  4276 | D:4      | Noticed a spectral ugly thing
  4297 | D:4      | Became a worshipper of Hepliaklqana the Forgotten
  4297 | D:4      | Reached * piety under Hepliaklqana
  4297 | D:4      | Reached ** piety under Hepliaklqana
  4298 | D:4      | Remembered your ancestor Vala as a knight
  4327 | D:4      | Your scales start taking on a lurid green colour.
  4327 | D:4      | Reached XP level 7. HP: 36/59 MP: 7/7
  4327 | D:4      | Gained mutation: Your system is resistant to poisons.
                  | (rPois) [Green Draconian growth]
  4513 | D:4      | Reached skill level 8 in Unarmed Combat
  4637 | D:4      | Found a staircase to the Ecumenical Temple.
  4689 | Temple   | Entered the Ecumenical Temple
  4790 | D:4      | Killed Sigmund
  5155 | D:5      | Entered Level 5 of the Dungeon
  5188 | D:5      | Noticed Edmund
  5191 | D:5      | Found a stormy altar of Qazlal.
  5259 | D:5      | Killed Edmund
  5260 | D:5      | Reached skill level 9 in Unarmed Combat
  5260 | D:5      | Reached XP level 8. HP: 49/67 MP: 8/8
  5465 | D:5      | Reached skill level 5 in Fighting
  5662 | D:5      | Noticed Dowan
  5663 | D:5      | Noticed Duvessa
  5675 | D:5      | Killed Duvessa
  5678 | D:5      | Killed Dowan
  5692 | D:5      | Found a transporter.
  5737 | D:5      | Found a transporter.
  6049 | D:5      | Found an ancient bone altar of Kikubaaqudgha.
  6049 | D:5      | Found a glowing golden altar of the Shining One.
  6120 | D:5      | Noticed Grinder
  6131 | D:5      | Killed Grinder
  6132 | D:5      | Reached skill level 1 in Evocations
  6210 | D:6      | Noticed Menkaure
  6431 | D:6      | Killed Menkaure
  6432 | D:6      | Reached skill level 5 in Dodging
  6677 | D:6      | Identified the ring of Plog {rElec rF+ MP+9 Int+4}
  6830 | D:6      | Noticed Prince Ribbit
  6843 | D:6      | Killed Prince Ribbit
  6844 | D:6      | Reached XP level 9. HP: 45/75 MP: 9/9
  7016 | D:6      | Reached skill level 10 in Unarmed Combat
  7528 | D:6      | Noticed Pikel
  7538 | D:6      | Killed Pikel
  7539 | D:6      | Reached skill level 11 in Unarmed Combat
  7657 | D:6      | Found a white marble altar of Elyvilon.
  7871 | D:7      | Reached *** piety under Hepliaklqana
  8143 | D:7      | Found a shimmering blue altar of Sif Muna.
  8250 | D:7      | Reached skill level 1 in Invocations
  8534 | D:7      | Found a burning altar of Makhleb.
  9048 | D:8      | Reached XP level 10. HP: 70/83 MP: 12/12
  9488 | D:8      | Reached skill level 12 in Unarmed Combat
  9767 | D:8      | Noticed Maggie
  9781 | D:8      | Killed Maggie
  9782 | D:8      | Reached skill level 5 in Invocations
 10319 | D:8      | Reached **** piety under Hepliaklqana
 10930 | D:9      | Noticed a two-headed ogre
 10943 | D:9      | Noticed Maurice
 11281 | D:9      | Killed a two-headed ogre
 11469 | D:9      | Reached skill level 13 in Unarmed Combat
 11472 | D:9      | Noticed a two-headed ogre
 11627 | D:8      | Killed a two-headed ogre
 11921 | D:9      | Killed Maurice
 11922 | D:9      | Reached XP level 11. HP: 80/89 MP: 15/15
 12147 | D:9      | Reached skill level 14 in Unarmed Combat
 12575 | D:9      | Noticed a two-headed ogre
 12586 | D:9      | Killed a two-headed ogre
 12659 | D:9      | Noticed a two-headed ogre
 12839 | D:9      | Killed a two-headed ogre
 13298 | D:9      | Noticed a four-headed hydra
 13308 | D:9      | Killed a four-headed hydra
 13631 | D:10     | Entered Level 10 of the Dungeon
 13719 | D:10     | Found a glowing silver altar of Zin.
 13814 | D:10     | Found an iron altar of Okawaru.
 14040 | D:10     | Found a runed translucent door.
 14041 | D:10     | Identified the +11 spear "Zits" {distort, Str+5}
 14042 | D:10     | Noticed hawla's ghost (journeyman DrCj)
 14080 | D:10     | Found a snail-covered altar of Cheibriados.
 14088 | D:10     | Reached skill level 15 in Unarmed Combat
 14253 | D:10     | Found a sacrificial altar of Ru.
 14733 | D:10     | Found a staircase to the Lair.
 15000 | D:11     | Noticed Grum
 15009 | D:11     | Killed Grum
 15517 | D:11     | Reached XP level 12. HP: 69/96 MP: 18/18
 15633 | D:11     | Found a staircase to the Orcish Mines.
 15646 | D:11     | Reached ***** piety under Hepliaklqana
 15761 | D:11     | Found a transporter.
 15763 | D:11     | Found a transporter.
 15767 | D:11     | Found a viscous altar of Jiyva.
 16649 | Lair:1   | Entered Level 1 of the Lair of Beasts
 17206 | Lair:1   | Reached skill level 16 in Unarmed Combat
 19084 | Lair:2   | Noticed Sonja
 19318 | Lair:2   | Killed Sonja
 19319 | Lair:2   | Reached skill level 17 in Unarmed Combat
 20370 | Lair:3   | Slain by an elephant

Illustrated notes

Levels and vault maps discovered:
D:1:      saegor_arrival_simple_c, layout_loops_ring, minmay_gold_behind_fungi
D:2:      cheibrodos_greedy_goblins, layout_basic, serial_park_tiny_1,
          uniq_terence
D:3:      layout_basic, nicolae_ashenzari_panopticon, serial_shops,
          nicolae_shop_waterfront
D:4:      layout_basic, nicolae_gozag_zags_fifth_avenue,
          regret_index_temple_of_mockery, kennysheep_slug_shrine,
          minmay_temple_entry_statues_fountains, nicolae_ossuary_entry_giza,
          grunt_decor_one_mirror, minmay_manual_mares, uniq_sigmund
D:5:      gammafunk_cloud_chamber, layout_loops_ring,
          nicolae_qazlal_scattered_showers, amethyst_overflow_temple_binary,
          serial_aquarium, aquarium_bridge_straight [aquarium_subvault_bridge,
          aquarium_subvault_wall, aquarium_subvault_bridge,
          aquarium_subvault_wall], aquarium_bridge_straight
          [aquarium_subvault_bridge, aquarium_subvault_window,
          aquarium_subvault_bridge, aquarium_subvault_wall],
          aquarium_window_fake, aquarium_window_fake, aquarium_window_corner,
          aquarium_view_2c, aquarium_view_2c, aquarium_balcony_5b,
          aquarium_pool_1, uniq_grinder, uniq_duvessa, uniq_edmund
D:6:      layout_loops_ring, mainiacjoe_overflow_chevrons, st_stairs_7,
          uniq_prince_ribbit1, uniq_menkaure, uniq_pikel
D:7:      layout_basic, lemuel_blue_sif_altar, demons_altar,
          minmay_misc_feat_rows
D:8:      layout_basic, minmay_lizard_king, uniq_maggie
D:9:      minmay_imperfect_grid, layout_basic, uniq_maurice
D:10:     layout_roguey, mainiacjoe_overflow_paths, okawaru_altar_gauntlet_db,
          erik_lair_dragon, ebering_ghost_funeral_grove,
          hangedman_feature_mirror
D:11:     gammafunk_jiyva_shrine, layout_small_grid, orc_0_dummy,
          lemuel_flamethrower_2, uniq_grum
D:12:     layout_loops_ring
Temple:   dpeg_three_leaves_temple
Lair:1:   layout_layer_cave, lemuel_fruit_tree
Lair:2:   layout_small_grid, serial_bayou_pond_c, uniq_sonja
Lair:3:   layout_small_grid, shoals_dummy_entry, basic_altar,
          chequers_serial_rivers_marsh, grunt_megastairs_2,
          serial_bayou_shore_a, infiniplex_staircase_pool

Skill      XL: |  1  2  3  4  5  6  7  8  9 10 11 12 |
---------------+-------------------------------------+-----
Unarmed Combat | 4 6 7 9 11 13 15 17 | 17.2
Dodging        | 3 5 6 |  6.3
Fighting       | 4 6 |  6.5
Evocations     | 2 3 |  3.0
Invocations    | 3 6 8 9 |  9.0
Stealth        | |  1.7

Action                   |  1- 3 |  4- 6 |  7- 9 | 10-12 || total
-------------------------+-------+-------+-------+-------++-------
Melee: Unarmed           |   118 |   159 |   198 |   439 ||   914
       Tailslap          |    14 |    19 |    32 |    69 ||   134
       Punch             |     3 |     2 |     9 |    38 ||    52
       Demon whip        |       |    18 |       |       ||    18
Throw: Dart              |       |       |       |     4 ||     4
       Boomerang         |       |       |       |     3 ||     3
Invok: Ancestor Life: Kn |       |     1 |       |       ||     1
       Ancestor Identity |       |     1 |       |       ||     1
       Recall Ancestor   |       |       |       |     6 ||     6
       Idealise          |       |       |       |     1 ||     1
 Abil: Breathe Noxious F |       |       |    11 |    27 ||    38
Evoke: Wand              |       |       |       |     7 ||     7
  Use: Scroll            |     3 |     5 |     6 |     6 ||    20
       Potion            |     2 |     3 |       |       ||     5
 Stab: Distracted        |     1 |     1 |       |     3 ||     5
       Sleeping          |     5 |     2 |     6 |     3 ||    16
       Confused          |       |       |     5 |    17 ||    22
       Paralysed         |       |       |       |     1 ||     1
Armor: Skin              |    41 |    70 |    59 |   113 ||   283
Dodge: Dodged            |    70 |   132 |   125 |   276 ||   603
